MWL (24 & UNDER)
PLUMSTEAD EAGLES @ BARRY'S BAY ORIOLES
08/17/2023
 
TOP OF THE 1ST
Plumstead Eagles batting - Pitching for Barry's Bay Orioles : RHP Juan Gutiérrez
Pitching: RHP Juan Gutiérrez
Batting: RHB Tim Gardner 0-0: Called Strike
0-1: Foul Ball, location: 2F
0-2: Ball
1-2: Strikes out looking
Batting: RHB Norogumi Tanaka 0-0: Foul Ball, location: 2F
0-1: Ball
1-1: Ball
2-1: Ball
3-1: Base on Balls
Batting: LHB Eduardo Rodríguez 0-0: Called Strike
Norogumi Tanaka steals 2nd base
0-1: Ball
Wild Pitch!
Norogumi Tanaka to third
1-1: Reached on error, E5 (Groundball, 56)
Norogumi Tanaka scores
Batting: RHB Germano Labrego 0-0: Called Strike
0-1: Ball
1-1: Ball
2-1: Swinging Strike
2-2: Grounds into double play, 6-4-3 (Groundball, 6M)
Top of the 1st over - 1 run(s), 0 hit(s), 1 error(s), 0 left on base; Plumstead 1 - Barry's Bay 0
BOTTOM OF THE 1ST
Barry's Bay Orioles batting - Pitching for Plumstead Eagles : RHP Luis Silva
Pitching: RHP Luis Silva
Batting: LHB Javier Orozco 0-0: Ball
1-0: Called Strike
1-1: Ground out 4-3 (Groundball, 4)
Batting: RHB Juan Velásquez 0-0: Ball
1-0: Foul Ball, location: 2F
1-1: Swinging Strike
1-2: Ball
2-2: Strikes out swinging
Batting: LHB Joaquín González 0-0: Called Strike
0-1: SINGLE (Line Drive, 56D)
Batting: RHB Enrico Ramos 0-0: Ball
1-0: Foul Ball, location: 2F
1-1: Ball
2-1: Ground out 4-3 (Groundball, 4)
Bottom of the 1st over - 0 run(s), 1 hit(s), 0 error(s), 1 left on base; Plumstead 1 - Barry's Bay 0
TOP OF THE 2ND
Plumstead Eagles batting - Pitching for Barry's Bay Orioles : RHP Juan Gutiérrez
Batting: SHB Nate Rhodes 0-0: Called Strike
0-1: Called Strike
0-2: Ball
1-2: SINGLE (Line Drive, 89M)
Batting: RHB Juan Magdayao 0-0: Foul Ball, location: 2F
0-1: Fly out, F9 (Flyball, 9M)
Batting: RHB J.J. Leslie 0-0: Called Strike
0-1: Ball
1-1: Foul Ball, location: 2F
1-2: Ball
2-2: Ball
3-2: Base on Balls
Nate Rhodes to second
Batting: RHB Donald Sanford 0-0: Ball
1-0: Ball
2-0: Called Strike
2-1: Ball
3-1: Base on Balls
Nate Rhodes to third
J.J. Leslie to second
Batting: LHB Richard Henry 0-0: Called Strike
0-1: Swinging Strike
0-2: Ball
1-2: Ball
Reached via error on a dropped throw, E4
Nate Rhodes scores
J.J. Leslie to third
Donald Sanford to second
Batting: RHB Tim Gardner 0-0: Called Strike
0-1: Foul Ball, location: 2F
0-2: Ball
1-2: Hit by Pitch
J.J. Leslie scores
Donald Sanford to third
Richard Henry to second
Pinch Runner at 1st José Moreno:
Batting: RHB Norogumi Tanaka 0-0: Foul Ball, location: 2F
0-1: Ball
1-1: Swinging Strike
1-2: Foul Ball, location: 2F
1-2: Strikes out looking
Batting: LHB Eduardo Rodríguez 0-0: Ball
1-0: Foul Ball, location: 2F
1-1: Ball
2-1: Ball
3-1: Base on Balls
Donald Sanford scores
Richard Henry to third
José Moreno to second
Batting: RHB Germano Labrego 0-0: Called Strike
0-1: Ball
1-1: Swinging Strike
1-2: Strikes out swinging
Top of the 2nd over - 3 run(s), 1 hit(s), 1 error(s), 3 left on base; Plumstead 4 - Barry's Bay 0
BOTTOM OF THE 2ND
Barry's Bay Orioles batting - Pitching for Plumstead Eagles : RHP Luis Silva
Now at 3B: José Moreno
Batting: RHB Pedro Molina 0-0: Ground out 5-3 (Groundball, 5L)
Batting: RHB Jeff Stevenson 0-0: Ball
1-0: Called Strike
1-1: Ball
2-1: Foul Ball, location: 2F
2-2: Strikes out swinging
Batting: RHB Vincent Braun 0-0: Fly out, F8 (Flyball, 8LD)
Bottom of the 2nd over - 0 run(s), 0 hit(s), 0 error(s), 0 left on base; Plumstead 4 - Barry's Bay 0
TOP OF THE 3RD
Plumstead Eagles batting - Pitching for Barry's Bay Orioles : RHP Juan Gutiérrez
Batting: SHB Nate Rhodes 0-0: Called Strike
0-1: Ball
1-1: Called Strike
1-2: Ball
2-2: Foul Ball, location: 2F
2-2: Strikes out looking
Batting: RHB Juan Magdayao 0-0: Foul Ball, location: 2F
0-1: Ball
1-1: Foul Ball, location: 2F
1-2: Strikes out swinging
Batting: RHB J.J. Leslie 0-0: Fly out, F3 (Popup, 3SF)
Top of the 3rd over - 0 run(s), 0 hit(s), 0 error(s), 0 left on base; Plumstead 4 - Barry's Bay 0
BOTTOM OF THE 3RD
Barry's Bay Orioles batting - Pitching for Plumstead Eagles : RHP Luis Silva
Batting: RHB Brian Parks 0-0: Called Strike
0-1: Ground out 6-3 (Groundball, 56)
Batting: RHB Curt Wagner 0-0: Ground out 5-3 (Groundball, 5)
Batting: LHB Javier Orozco 0-0: Ball
1-0: Ground out 4-3 (Groundball, 4)
Bottom of the 3rd over - 0 run(s), 0 hit(s), 0 error(s), 0 left on base; Plumstead 4 - Barry's Bay 0
TOP OF THE 4TH
Plumstead Eagles batting - Pitching for Barry's Bay Orioles : RHP Juan Gutiérrez
Batting: RHB Donald Sanford 0-0: Called Strike
0-1: Foul Ball, location: 2F
0-2: Strikes out swinging
Batting: LHB Richard Henry 0-0: DOUBLE (Flyball, 7M)
Batting: RHB José Moreno 0-0: SINGLE (Flyball, 9S)
Richard Henry to third
Runner from 3rd tries for Home, SAFE, no throw or cutoff
Batting: RHB Norogumi Tanaka 0-0: Ball
José Moreno steals 2nd base
1-0: TRIPLE (Line Drive, 89M)
José Moreno scores
Batting: LHB Eduardo Rodríguez 0-0: Called Strike
0-1: Ball
1-1: Ball
2-1: Ball
3-1: Swinging Strike
3-2: Base on Balls
Batting: RHB Germano Labrego 0-0: Ball
1-0: Called Strike
1-1: Called Strike
1-2: Grounds into double play, 6-4-3 (Groundball, 6M)
Top of the 4th over - 2 run(s), 3 hit(s), 0 error(s), 1 left on base; Plumstead 6 - Barry's Bay 0
BOTTOM OF THE 4TH
Barry's Bay Orioles batting - Pitching for Plumstead Eagles : RHP Luis Silva
Batting: RHB Juan Velásquez 0-0: Called Strike
0-1: Ball
1-1: Swinging Strike
1-2: Strikes out looking
Batting: LHB Joaquín González 0-0: Foul Ball, location: 2F
0-1: Ball
1-1: Ball
2-1: Hit by Pitch
Batting: RHB Enrico Ramos 0-0: Ball
1-0: Called Strike
1-1: Grounds into double play, 5-4-3 (Groundball, 56)
Bottom of the 4th over - 0 run(s), 0 hit(s), 0 error(s), 0 left on base; Plumstead 6 - Barry's Bay 0
TOP OF THE 5TH
Plumstead Eagles batting - Pitching for Barry's Bay Orioles : RHP Juan Gutiérrez
Pitching: LHP Juan Jiménez
Batting: SHB Nate Rhodes 0-0: Swinging Strike
0-1: Called Strike
0-2: Strikes out swinging
Batting: RHB Juan Magdayao 0-0: Ball
1-0: Ground out 6-3 (Groundball, 6)
Batting: RHB J.J. Leslie 0-0: Called Strike
0-1: Called Strike
0-2: Foul Ball, location: 2F
0-2: Ball
1-2: Foul Ball, location: 2F
1-2: Strikes out swinging
Top of the 5th over - 0 run(s), 0 hit(s), 0 error(s), 0 left on base; Plumstead 6 - Barry's Bay 0
BOTTOM OF THE 5TH
Barry's Bay Orioles batting - Pitching for Plumstead Eagles : RHP Luis Silva
Batting: RHB Pedro Molina 0-0: Ball
1-0: Called Strike
1-1: Called Strike
1-2: Ball
2-2: Foul Ball, location: 2F
2-2: Foul Ball, location: 2F
2-2: Ball
3-2: Foul Ball, location: 2F
3-2: SINGLE (Groundball, 6M)
Batting: RHB Jeff Stevenson 0-0: Ball
1-0: Ball
2-0: Ball
3-0: Base on Balls
Pedro Molina to second
Batting: RHB Vincent Braun 0-0: SINGLE (Groundball, 6MD)
Pedro Molina to third
Jeff Stevenson to second
Batting: RHB Brian Parks 0-0: Called Strike
0-1: Foul Ball, location: 2F
0-2: Fly out, F8 (Flyball, 8RM)
Batting: RHB Curt Wagner 0-0: Ball
1-0: Called Strike
1-1: Ball
2-1: Called Strike
2-2: Strikes out swinging
Batting: LHB Javier Orozco 0-0: Ball
1-0: Foul Ball, location: 2F
1-1: Fielders Choice at 2nd, U6 (Groundball, 6M)
Bottom of the 5th over - 0 run(s), 2 hit(s), 0 error(s), 3 left on base; Plumstead 6 - Barry's Bay 0
TOP OF THE 6TH
Plumstead Eagles batting - Pitching for Barry's Bay Orioles : LHP Juan Jiménez
Batting: RHB Donald Sanford 0-0: Foul Ball, location: 2F
0-1: DOUBLE (Line Drive, 5D)
Batting: LHB Richard Henry 0-0: Ball
1-0: Called Strike
1-1: Ball
2-1: Swinging Strike
2-2: Foul Ball, location: 2F
2-2: Strikes out swinging
Batting: RHB José Moreno 0-0: Ball
1-0: Called Strike
1-1: Ball
2-1: Called Strike
2-2: Foul Ball, location: 2F
2-2: SINGLE (Line Drive, 6D)
Donald Sanford to third
Batting: RHB Norogumi Tanaka 0-0: Ball
1-0: Swinging Strike
1-1: Ball
2-1: Ball
3-1: Foul Ball, location: 2F
3-2: Strikes out swinging
Batting: LHB Eduardo Rodríguez 0-0: Called Strike
0-1: Foul Ball, location: 2F
0-2: Ball
1-2: Ground out U3 (Groundball, 3)
Top of the 6th over - 0 run(s), 2 hit(s), 0 error(s), 2 left on base; Plumstead 6 - Barry's Bay 0
BOTTOM OF THE 6TH
Barry's Bay Orioles batting - Pitching for Plumstead Eagles : RHP Luis Silva
Batting: RHB Juan Velásquez 0-0: Called Strike
0-1: Swinging Strike
0-2: Foul Ball, location: 2F
0-2: Strikes out swinging
Batting: LHB Joaquín González 0-0: Ball
1-0: Hit by Pitch
Batting: RHB Enrico Ramos 0-0: Ball
1-0: Called Strike
1-1: Ball
2-1: SINGLE (Groundball, 56)
Joaquín González to second
Batting: RHB Pedro Molina 0-0: SINGLE (Flyball, 8RS)
Joaquín González to third
Enrico Ramos to second
Runner from 3rd tries for Home, SAFE, no throw or cutoff
Batting: RHB Jeff Stevenson 0-0: Fly out, F7 (Flyball, 78M)
Batting: RHB Vincent Braun 0-0: Called Strike
0-1: Called Strike
0-2: Ball
1-2: Ball
2-2: Ball
3-2: Strikes out looking
Bottom of the 6th over - 1 run(s), 2 hit(s), 0 error(s), 2 left on base; Plumstead 6 - Barry's Bay 1
TOP OF THE 7TH
Plumstead Eagles batting - Pitching for Barry's Bay Orioles : LHP Juan Jiménez
Pitching: RHP Daniel Washington
Batting: RHB Germano Labrego 0-0: Ball
1-0: Foul Ball, location: 2F
1-1: Ball
2-1: Called Strike
2-2: Ball
3-2: Ground out 4-3 (Groundball, 4)
Batting: SHB Nate Rhodes 0-0: Called Strike
0-1: Foul Ball, location: 2F
0-2: Ball
1-2: Foul Ball, location: 2F
1-2: Foul Ball, location: 2F
1-2: Ball
2-2: Fly out, F9 (Line Drive, 89M)
Batting: RHB Juan Magdayao 0-0: SINGLE (Groundball, 6MD)
Batting: RHB J.J. Leslie 0-0: Ball
1-0: Foul Ball, location: 2F
1-1: Foul Ball, location: 2F
1-2: Fly out, F8 (Flyball, 8RM)
Top of the 7th over - 0 run(s), 1 hit(s), 0 error(s), 1 left on base; Plumstead 6 - Barry's Bay 1
BOTTOM OF THE 7TH
Barry's Bay Orioles batting - Pitching for Plumstead Eagles : RHP Luis Silva
Batting: RHB Brian Parks 0-0: Ball
1-0: SINGLE (Line Drive, 34)
Batting: RHB Curt Wagner 0-0: Ball
1-0: Called Strike
1-1: Foul Ball, location: 2F
1-2: Ball
2-2: Ball
3-2: Strikes out swinging
Brian Parks steals 2nd base
Batter strikes out.
Pitching: RHP Iván Márquez
Batting: LHB Javier Orozco 0-0: Ball
1-0: Swinging Strike
1-1: Swinging Strike
1-2: Foul Ball, location: 2F
1-2: Foul Ball, location: 2F
1-2: Ball
2-2: Ball
3-2: Foul Ball, location: 2F
3-2: Strikes out swinging
Batting: RHB Juan Velásquez 0-0: Swinging Strike
0-1: Swinging Strike
0-2: Ball
1-2: Ball
2-2: Strikes out swinging
Bottom of the 7th over - 0 run(s), 1 hit(s), 0 error(s), 1 left on base; Plumstead 6 - Barry's Bay 1
TOP OF THE 8TH
Plumstead Eagles batting - Pitching for Barry's Bay Orioles : RHP Daniel Washington
Batting: RHB Donald Sanford 0-0: Ball
1-0: Ball
2-0: Ball
3-0: Called Strike
3-1: Base on Balls
Batting: LHB Richard Henry 0-0: Hit by Pitch
Donald Sanford to second
Batting: RHB José Moreno 0-0: Ball
1-0: Sac Bunt - play at third, runner OUT! 1-6
Richard Henry to second
Batting: RHB Norogumi Tanaka 0-0: Ball
1-0: Swinging Strike
1-1: Foul Ball, location: 2F
1-2: Ball
2-2: Strikes out swinging
Batting: LHB Eduardo Rodríguez 0-0: Ball
1-0: Ball
2-0: Called Strike
2-1: Ball
3-1: Base on Balls
Richard Henry to third
José Moreno to second
Batting: RHB Germano Labrego 0-0: Ball
1-0: Ball
2-0: Ball
3-0: Base on Balls
Richard Henry scores
José Moreno to third
Eduardo Rodríguez to second
Batting: SHB Nate Rhodes 0-0: Called Strike
0-1: Ground out 3-1 (Groundball, 34)
Top of the 8th over - 1 run(s), 0 hit(s), 0 error(s), 3 left on base; Plumstead 7 - Barry's Bay 1
BOTTOM OF THE 8TH
Barry's Bay Orioles batting - Pitching for Plumstead Eagles : RHP Iván Márquez
Batting: LHB Joaquín González 0-0: Ball
1-0: Ball
2-0: Ball
3-0: Called Strike
3-1: Base on Balls
Batting: RHB Enrico Ramos 0-0: Ball
1-0: Ball
2-0: Called Strike
2-1: Grounds into double play, 6-4-3 (Groundball, 6)
Batting: RHB Pedro Molina 0-0: Foul Ball, location: 2F
0-1: Ball
Error on foul ball, E2
1-2: Ground out 4-3 (Groundball, 4M)
Bottom of the 8th over - 0 run(s), 0 hit(s), 1 error(s), 0 left on base; Plumstead 7 - Barry's Bay 1
TOP OF THE 9TH
Plumstead Eagles batting - Pitching for Barry's Bay Orioles : RHP Daniel Washington
Batting: RHB Juan Magdayao 0-0: Ball
1-0: Called Strike
1-1: Ball
2-1: Foul Ball, location: 2F
2-2: Ball
3-2: Base on Balls
Batting: RHB J.J. Leslie 0-0: Bunt missed!
0-1: Ball
1-1: Ball
2-1: Bunt missed!
2-2: DOUBLE (Flyball, 7LD)
Juan Magdayao to third
Runner from 3rd tries for Home, SAFE, no throw or cutoff
Pitching: RHP Rob Young
Batting: RHB Donald Sanford 0-0: Ball
1-0: Called Strike
1-1: Foul Ball, location: 2F
1-2: Ball
2-2: Ground out 5-3 (Groundball, 56S)
J.J. Leslie to third
Batting: LHB Richard Henry 0-0: Ball
1-0: Called Strike
1-1: Ball
2-1: Fly out, F6 (Popup, 6)
Batting: RHB José Moreno 0-0: Ball
1-0: Ball
2-0: Ball
3-0: Base on Balls
Batting: RHB Norogumi Tanaka 0-0: Ball
1-0: Ball
2-0: Called Strike
2-1: Foul Ball, location: 2F
2-2: Fly out, F8 (Flyball, 8RM)
Top of the 9th over - 1 run(s), 1 hit(s), 0 error(s), 2 left on base; Plumstead 8 - Barry's Bay 1
BOTTOM OF THE 9TH
Barry's Bay Orioles batting - Pitching for Plumstead Eagles : RHP Iván Márquez
Now at SS: Pablo Villarreal
Batting: RHB Jeff Stevenson 0-0: Called Strike
0-1: Foul Ball, location: 2F
0-2: Ball
1-2: Foul Ball, location: 2F
1-2: Foul Ball, location: 2F
1-2: Ball
2-2: Strikes out looking
Batting: RHB Vincent Braun 0-0: Called Strike
0-1: Ball
1-1: Foul Ball, location: 2F
1-2: Ball
2-2: Ball
3-2: Base on Balls
Batting: RHB Brian Parks 0-0: Ball
1-0: Ball
2-0: Foul Ball, location: 2F
2-1: Ball
3-1: Grounds into double play, 5-4-3 (Groundball, 5)
Bottom of the 9th over - 0 run(s), 0 hit(s), 0 error(s), 0 left on base; Plumstead 8 - Barry's Bay 1
This league is powered by Out of the Park Baseball, the baseball management simulation game for PC, Mac and Linux
Wednesday, December 2nd, 2015 - OOTP Baseball 16.8 Build 38